[Event "Titled Tuesday Blitz February 22 Late 2022"]
[White "Romanchuk, Viktor"]
[Black "Bon, Michael"]
[WhiteFideId "14109271"]
[BlackFideId "620696"]
[WhiteElo "2242"]
[BlackElo "2384"]
[Result "1-0"]
[Round "04"]
[TimeControl "180+1"]
[Date "2022.02.23"]
[WhiteClock "0:00:31"]
[BlackClock "0:00:01"]

1. d4 d5 2. c4 e6 3. Nc3 a6 4. cxd5 exd5 5. Nf3 c6 6. Bf4 Nf6 7. Qc2 Be6 8. e3 Nbd7 9. Bd3 Be7 10. O-O h6 11. h3 O-O 12. Rab1 Rc8 13. b4 b5 14. Ne5 Nxe5 15. dxe5 Nd7 16. Ne2 c5 17. bxc5 Nxc5 18. Nd4 Nxd3 19. Qxd3 Rc4 20. Bg3 Qb6 21. f4 Bc5 22. Bf2 Bxd4 23. exd4 Rfc8 24. Rb3 g6 25. g4 b4 26. f5 Rc3 27. Qb1 Rxb3 28. axb3 Bd7 29. e6 fxe6 30. fxg6 Rc3 31. Kg2 Be8 32. h4 e5 33. dxe5 Qxg6 34. Qxg6+ Bxg6 35. e6 Be4+ 36. Kh2 Rxb3 37. Bc5 Rf3 38. Rxf3 Bxf3 39. Kg3 Be4 40. Bxb4 Kg7 41. Kf4 Kf6 42. e7 Kf7 43. Ke5 Bf3 44. g5 hxg5 45. hxg5 Be4 46. Kd6 Ke8 47. Ke6 d4 48. Ke5 Bg6 49. Kxd4 a5 50. Ba3 a4 51. Ke5 Kf7 52. Kd6 Bd3 53. Kc6 Ke8 54. Kd5 Kf7 55. Kc5 Ke8 56. Kd4 Bf5 57. Ke5 Bc2 58. Kf6 Bd3 59. Kg7 Be4 60. g6 Bd3 61. Kh6 Bc4 62. Kh7 Bd3 63. Bb4 Be4 64. Bc5 Bd3 65. Ba3 Be4 66. Kh6 Bd5 67. Bb4 Bc4 68. Kg7 Bd5 69. Kh8 1-0


[Site "https://www.chess.com"]

[Event "Titled Tuesday Blitz February 22 Late 2022"]
[White "Romero Ruscalleda, Josep"]
[Black "Migot, Tangi"]
[WhiteFideId "2231859"]
[BlackFideId "662445"]
[WhiteElo "2368"]
[BlackElo "2518"]
[Result "1-0"]
[Round "04"]
[TimeControl "180+1"]
[Date "2022.02.23"]
[WhiteClock "0:00:16"]
[BlackClock "0:00:11"]

1. e4 c5 2. c3 d5 3. exd5 Qxd5 4. d4 Bf5 5. Nf3 Nc6 6. Na3 e6 7. Be3 cxd4 8. Nb5 O-O-O 9. Nbxd4 Nf6 10. Qb3 Be4 11. Bc4 Qa5 12. O-O Bd5 13. Bxd5 Nxd5 14. Nxc6 bxc6 15. Bd4 c5 16. Be5 Qb6 17. Qa4 f6 18. Bg3 e5 19. Rfd1 Be7 20. Qg4+ Kb8 21. Qxg7 Qb7 22. c4 Nb4 23. Rxd8+ Rxd8 24. Qxh7 Ka8 25. h4 e4 26. Ne1 f5 27. Qxf5 Qc6 28. a3 Nd3 29. Rd1 Nxb2 30. Rxd8+ Bxd8 31. Qe5 Qb7 32. Qxc5 Nd3 33. Nxd3 exd3 34. Qd4 Qb1+ 35. Kh2 Bb6 36. Qd5# 1-0


[Site "https://www.chess.com"]

[Event "Titled Tuesday Blitz February 22 Late 2022"]
[White "Rorrer, Grayson"]
[Black "Petrovic, Aleksa"]
[WhiteFideId "30944996"]
[BlackFideId "967629"]
[WhiteElo "2122"]
[BlackElo "2139"]
[Result "1-0"]
[Round "04"]
[TimeControl "180+1"]
[Date "2022.02.23"]
[WhiteClock "0:00:16"]
[BlackClock "0:00:01"]

1. e4 c5 2. Nf3 e6 3. d4 cxd4 4. Nxd4 a6 5. c4 Nf6 6. Nc3 Qc7 7. Be2 b6 8. O-O Bb7 9. f3 Be7 10. Be3 O-O 11. Rc1 d6 12. a3 Nbd7 13. Qd2 Rfe8 14. Rfd1 Rac8 15. b4 Qb8 16. Bf2 Bd8 17. h3 Bc7 18. Bg3 Ne5 19. Bxe5 dxe5 20. Nb3 Nh5 21. c5 Nf4 22. Bf1 Red8 23. Qe3 Rxd1 24. Rxd1 bxc5 25. Nxc5 Bb6 26. N3a4 Ba7 27. Kh1 Bc6 28. Qe1 a5 29. bxa5 Bxa4 30. Nxa4 Qb3 31. Nb6 Bxb6 32. axb6 Qxb6 33. a4 Ra8 34. a5 Qb2 35. a6 h5 36. Qd2 Qb3 37. Rc1 h4 38. Qc3 Qb6 39. Qc6 Qe3 40. Qxa8+ Kh7 41. Qc6 Nh5 42. Qc2 Ng3+ 43. Kh2 Qf4 44. a7 Nxe4+ 45. Kh1 f5 46. fxe4 fxe4 47. a8=Q 1-0


[Site "https://www.chess.com"]

[Event "Titled Tuesday Blitz February 22 Late 2022"]
[White "Rosen, Eric"]
[Black "Ponkratov, Pavel"]
[WhiteFideId "2032562"]
[BlackFideId "4157800"]
[WhiteElo "2362"]
[BlackElo "2487"]
[Result "0-1"]
[Round "04"]
[TimeControl "180+1"]
[Date "2022.02.22"]
[WhiteClock "0:00:01"]
[BlackClock "0:01:42"]

1. d4 Nf6 2. Bf4 c5 3. e3 g6 4. Nf3 Bg7 5. Nbd2 O-O 6. h3 cxd4 7. exd4 Nc6 8. c3 d6 9. Be2 e5 10. dxe5 dxe5 11. Nxe5 Nd5 12. Nxc6 bxc6 13. Bg3 Re8 14. O-O Bxc3 15. Nc4 Ba6 16. Rb1 Bg7 17. Ne3 Nxe3 18. Qxd8 Raxd8 19. Bxa6 Nxf1 20. Kxf1 Rd2 21. Bc4 Bd4 22. b4 Kg7 23. Kg1 f5 24. Rf1 Re4 25. Bb3 f4 26. Bh4 h6 27. Be7 Rxe7 0-1


[Site "https://www.chess.com"]

[Event "Titled Tuesday Blitz February 22 Late 2022"]
[White "Rustemov, Alexander"]
[Black "Warakomska, Anna"]
[WhiteFideId "4119002"]
[BlackFideId "1130790"]
[WhiteElo "2696"]
[BlackElo "2062"]
[Result "1/2-1/2"]
[Round "04"]
[TimeControl "180+1"]
[Date "2022.02.23"]
[WhiteClock "0:00:13"]
[BlackClock "0:00:13"]

1. d4 d5 2. c4 c6 3. Nc3 Nf6 4. e3 e6 5. Nf3 Nbd7 6. Qc2 Bd6 7. Bd2 O-O 8. O-O-O dxc4 9. Bxc4 b5 10. Bd3 Bb7 11. e4 b4 12. e5 bxc3 13. Bxc3 Be7 14. exf6 Nxf6 15. Kb1 h6 16. Ne5 Nd5 17. Bh7+ Kh8 18. Be4 Bf6 19. Bd2 Qd6 20. f4 a5 21. Qc5 Bxe5 22. fxe5 Qxc5 23. dxc5 Ba6 24. Bxa5 Bc4 25. Bxd5 Bxd5 26. b4 Bxg2 27. Rhg1 Bd5 28. Kb2 Rfb8 29. Kc3 Bxa2 30. Rd7 Rf8 31. Bc7 Bd5 32. Bd6 Ra3+ 33. Kd4 Rfa8 34. Rxf7 R8a4 35. Rb7 Rb3 36. Bf8 Raxb4+ 37. Rxb4 Rxb4+ 38. Kc3 Rc4+ 39. Kd3 Rh4 40. Bxg7+ Kh7 41. Bf6 Rh3+ 42. Kd4 h5 43. Rg7+ Kh6 44. Rg8 Rxh2 45. Ke3 Rc2 46. Rh8+ Kg6 47. Rg8+ Kh6 48. Rh8+ Kg6 49. Rg8+ Kh6 1/2-1/2


[Site "https://www.chess.com"]

[Event "Titled Tuesday Blitz February 22 Late 2022"]
[White "Rytenko, Vsevolod"]
[Black "Villegas, Pierre"]
[WhiteFideId "14133040"]
[BlackFideId "654183"]
[WhiteElo "2144"]
[BlackElo "2410"]
[Result "1-0"]
[Round "04"]
[TimeControl "180+1"]
[Date "2022.02.23"]
[WhiteClock "0:00:57"]
[BlackClock "0:00:02"]

1. e4 c6 2. d4 d5 3. exd5 cxd5 4. Nf3 Nc6 5. Bd3 Bg4 6. c3 e6 7. Nbd2 Bd6 8. Nf1 Nge7 9. Ne3 Bh5 10. h4 Bg6 11. h5 Bxd3 12. Qxd3 h6 13. g4 f6 14. Bd2 O-O 15. Nh4 e5 16. Ng6 e4 17. Qb5 a6 18. Qxb7 Nxg6 19. hxg6 Ne7 20. Nxd5 Nxg6 21. Qb3 Rf7 22. O-O-O Rb8 23. Qc2 Qa5 24. c4 Qxa2 25. Bc3 Qxc4 26. Qxe4 Ne7 27. Ne3 Qa2 28. Qb1 Qb3 29. Qc2 Qa2 30. Kd2 Bf4 31. Ra1 Qd5 32. Rhe1 Nc6 33. Qf5 Qd6 34. Rxa6 Rfb7 35. Rxc6 Rxb2+ 36. Bxb2 Rxb2+ 37. Rc2 Qxd4+ 38. Qd3 Qb4+ 39. Ke2 Rxc2+ 40. Nxc2 Qe7+ 41. Kf1 1-0


[Site "https://www.chess.com"]

[Event "Titled Tuesday Blitz February 22 Late 2022"]
[White "Sailer, Mike"]
[Black "Liang, Jason"]
[WhiteFideId "2012901"]
[BlackFideId "30940303"]
[WhiteElo "2109"]
[BlackElo "1976"]
[Result "0-1"]
[Round "04"]
[TimeControl "180+1"]
[Date "2022.02.23"]
[WhiteClock "0:01:02"]
[BlackClock "0:01:36"]

1. d4 d5 2. Nf3 Nc6 3. Bf4 Bf5 4. e3 e6 5. Be2 Bd6 6. Bg3 Nge7 7. Nbd2 O-O 8. Ne5 f6 9. Nxc6 bxc6 10. O-O e5 11. c4 exd4 12. exd4 Rb8 13. b3 Bxg3 14. hxg3 Bg6 15. Rc1 Nf5 16. Nf3 Bh5 17. cxd5 cxd5 18. Qc2 Bxf3 19. Bxf3 Nxd4 20. Qxc7 Nxf3+ 21. gxf3 Rf7 22. Qxd8+ Rxd8 23. Rfd1 d4 24. Rd3 Rfd7 25. Rc4 Kf7 26. Kf1 Ke6 27. Ke2 g5 28. Rc6+ Rd6 29. Rc7 R8d7 30. Rc8 Rd8 31. Rc7 R6d7 32. Rc6+ Kf7 33. b4 h5 34. a4 h4 35. gxh4 gxh4 36. Rc5 Rh8 37. Kf1 h3 38. Kg1 Re7 39. Kh2 Re2 40. Rxd4 Rxf2+ 41. Kg3 Rg2+ 42. Kf4 h2 43. Rc7+ Kg6 44. Rdd7 h1=Q 45. Rg7+ Kh6 46. Rh7+ Rxh7 47. Rxh7+ Kxh7 0-1


[Site "https://www.chess.com"]

[Event "Titled Tuesday Blitz February 22 Late 2022"]
[White "Samarth, J Rao"]
[Black "Brunner, Nicolas"]
[WhiteFideId "46652370"]
[BlackFideId "620246"]
[WhiteElo "1514"]
[BlackElo "2372"]
[Result "1-0"]
[Round "04"]
[TimeControl "180+1"]
[Date "2022.02.23"]
[WhiteClock "0:00:21"]
[BlackClock "0:00:08"]

1. c4 c5 2. e3 e6 3. d4 cxd4 4. exd4 d5 5. Nc3 Nf6 6. c5 Nc6 7. Nf3 Be7 8. a3 a5 9. Rb1 O-O 10. b4 axb4 11. axb4 Ne4 12. Qc2 Bf6 13. Be3 e5 14. dxe5 Nxe5 15. Nd4 Ng4 16. Nxe4 dxe4 17. Rd1 Nxe3 18. fxe3 Bg4 19. Be2 Bxe2 20. Nxe2 Qc7 21. O-O Be5 22. Qxe4 Bxh2+ 23. Kf2 Rfe8 24. Qf5 g6 25. Qh3 Be5 26. Rh1 f5 27. Qf3 Rad8 28. Rd5 Rxd5 29. Qxd5+ Kg7 30. Rd1 Re7 31. Kf3 g5 32. Nd4 Bxd4 33. Qxd4+ Kg6 34. Qd6+ Qxd6 35. Rxd6+ Kh5 36. Rf6 g4+ 37. Kf4 Re4+ 38. Kxf5 Rxb4 39. Rf7 Kh4 40. Rxh7+ Kg3 41. Rg7 Rd4 42. exd4 1-0


[Site "https://www.chess.com"]

[Event "Titled Tuesday Blitz February 22 Late 2022"]
[White "Sanchez Alvares, Kelvin Antonio"]
[Black "Prohorov, Olexandr"]
[WhiteFideId "3906680"]
[BlackFideId "14105578"]
[WhiteElo "2193"]
[BlackElo "1993"]
[Result "1-0"]
[Round "04"]
[TimeControl "180+1"]
[Date "2022.02.23"]
[WhiteClock "0:00:17"]
[BlackClock "0:00:04"]

1. d4 g6 2. c4 Bg7 3. Nf3 c5 4. d5 d6 5. g3 e6 6. Bg2 exd5 7. cxd5 Ne7 8. O-O O-O 9. Nc3 a6 10. a4 b6 11. e4 Nd7 12. h3 f5 13. Ng5 Nf6 14. exf5 Nxf5 15. Ne6 Bxe6 16. dxe6 Rb8 17. Bg5 h6 18. Bxf6 Qxf6 19. Re1 Nd4 20. f4 Rbe8 21. Nd5 Qf5 22. g4 Qc2 23. Nxb6 Rxf4 24. Kh1 Rf2 25. Qxc2 Nxc2 26. Rad1 Nxe1 27. Rxe1 Be5 28. Nc4 Bg3 29. Re3 Bf4 30. Re1 Rc2 31. Bd5 Kg7 32. Rf1 g5 33. Rxf4 gxf4 34. Nxd6 Kf8 35. Nxe8 Kxe8 36. b3 Ke7 37. Kg1 Kd6 38. Bc4 a5 39. h4 Rc3 40. Kf2 Rg3 41. g5 hxg5 42. hxg5 Rxg5 43. Kf3 Rh5 44. Kxf4 Rh4+ 45. Ke3 Rd4 46. Kf3 Rd1 47. Ke4 Re1+ 48. Kd3 Re5 49. Kc3 Re3+ 50. Kd2 Rg3 51. Kc2 Rg7 52. Kc3 Ke5 53. Kd3 Re7 54. Ke3 Rc7 55. Kd3 Kf4 56. Bb5 Ke5 57. Bd7 Kd6 58. Kc4 Ra7 59. Kb5 Rc7 60. Kxa5 c4 61. bxc4 Rxc4 62. Kb5 Rc1 63. a5 Rb1+ 64. Ka6 Rb2 65. Ka7 Rb1 66. a6 Rb2 67. Ka8 Rb1 68. Bc8 Kc7 69. Bb7 1-0


[Site "https://www.chess.com"]

[Event "Titled Tuesday Blitz February 22 Late 2022"]
[White "Shirazi, Kamran"]
[Black "Kirillov, Dmitry"]
[WhiteFideId "2000733"]
[BlackFideId "34180572"]
[WhiteElo "2317"]
[BlackElo "2076"]
[Result "1-0"]
[Round "04"]
[TimeControl "180+1"]
[Date "2022.02.23"]
[WhiteClock "0:01:24"]
[BlackClock "0:00:25"]

1. e3 d5 2. Ne2 Nf6 3. d4 c5 4. c4 dxc4 5. Nec3 cxd4 6. exd4 e6 7. Bxc4 Nc6 8. d5 exd5 9. Nxd5 Nxd5 10. Bxd5 Bb4+ 11. Nc3 O-O 12. O-O Bxc3 13. bxc3 Qc7 14. Ba3 Rd8 15. Qf3 Ne5 16. Qe4 Bf5 17. Qd4 Be6 18. c4 Nxc4 19. Qxc4 Qxc4 20. Bxc4 Bxc4 21. Rfd1 b5 22. Bc5 a6 23. a3 g6 24. Bb4 Rd5 25. Rxd5 Bxd5 26. Re1 Be6 27. h4 Rd8 28. f3 Rd3 29. Re4 h5 30. Be7 Rd7 31. Bf6 Rd1+ 32. Kh2 Kf8 33. g4 hxg4 34. fxg4 Rd2+ 35. Kg3 Rd3+ 36. Kf4 Rxa3 37. h5 gxh5 38. gxh5 Rh3 39. Rd4 1-0


[Site "https://www.chess.com"]

[Event "Titled Tuesday Blitz February 22 Late 2022"]
[White "Sjugirov, Sanan"]
[Black "Bachmann, Axel"]
[WhiteFideId "4189302"]
[BlackFideId "3700488"]
[WhiteElo "2602"]
[BlackElo "2642"]
[Result "1-0"]
[Round "04"]
[TimeControl "180+1"]
[Date "2022.02.22"]
[WhiteClock "0:00:07"]
[BlackClock "0:00:05"]

1. d4 Nf6 2. c4 e6 3. Nf3 Bb4+ 4. Bd2 a5 5. a3 Bxd2+ 6. Qxd2 O-O 7. Nc3 d6 8. e4 Nc6 9. Rd1 Qe7 10. e5 dxe5 11. dxe5 Nd7 12. Qf4 f6 13. exf6 Nxf6 14. Qh4 e5 15. Be2 e4 16. Ng5 Bf5 17. O-O Rad8 18. Nd5 Nxd5 19. cxd5 Ne5 20. Qg3 Qf6 21. Qe3 Qg6 22. Ne6 Bxe6 23. dxe6 Rde8 24. Rd5 Rxe6 25. Rxa5 h6 26. Kh1 b6 27. Rd5 c5 28. h3 Kh8 29. a4 Nc6 30. Bg4 Ref6 31. Bh5 Nb4 32. Bxg6 Nxd5 33. Qg3 e3 34. f3 Nf4 35. Bc2 Rd8 36. Re1 Rd2 37. Bb1 e2 38. Kh2 Rd1 39. Qf2 Rfd6 40. Bc2 R1d2 41. Be4 Rd1 42. Bc2 R1d2 43. Qe3 Rxc2 44. Qxf4 Rd1 45. Qf8+ Kh7 46. Qf5+ Kh8 47. Qxc2 Rxe1 48. Qd2 1-0


[Site "https://www.chess.com"]

[Event "Titled Tuesday Blitz February 22 Late 2022"]
[White "Stanisz, Patryk"]
[Black "Hamley, Ryan"]
[WhiteFideId "1123106"]
[BlackFideId "30959497"]
[WhiteElo "1876"]
[BlackElo "2447"]
[Result "0-1"]
[Round "04"]
[TimeControl "180+1"]
[Date "2022.02.23"]
[WhiteClock "0:00:19"]
[BlackClock "0:00:12"]

1. Nf3 g6 2. c4 Bg7 3. Nc3 c5 4. g3 Nc6 5. Bg2 Nf6 6. O-O O-O 7. b3 d5 8. cxd5 Nxd5 9. Bb2 Nc7 10. Na4 Bxb2 11. Nxb2 b6 12. d3 Bb7 13. Qd2 Ne6 14. Qh6 Qd5 15. Nc4 Qf5 16. Ne3 Qf6 17. Nd5 Qg7 18. Nxe7+ Nxe7 19. Qd2 Rad8 20. h4 h5 21. Rac1 Nf5 22. Rfd1 Rfe8 23. b4 Rd7 24. a4 Ned4 25. e4 Nxf3+ 26. Bxf3 Nd4 27. Qe3 Rc8 28. bxc5 Rxc5 29. Bg2 Rdc7 30. Rxc5 Rxc5 31. Kh2 Rc2 32. Qf4 Kh7 33. e5 Bxg2 34. Kxg2 Ne6 35. Qe3 Qf8 36. d4 Rc8 37. g4 hxg4 38. d5 Nc5 39. h5 Qh6 40. hxg6+ Kxg6 41. Qg3 Qh3+ 42. Qxh3 gxh3+ 43. Kxh3 Kf5 44. f4 Kxf4 45. e6 fxe6 46. d6 Rd8 47. a5 Ke5 48. axb6 axb6 49. d7 Rxd7 50. Re1+ Ne4 51. Rb1 Rd6 52. Kg2 Kd4 53. Rb4+ Kd5 54. Kf3 Nc5 55. Rb5 e5 56. Ke3 Rf6 57. Rb1 e4 58. Rd1+ Ke5 59. Rd8 Rf3+ 60. Ke2 Ne6 61. Rb8 Nd4+ 62. Kd2 Rd3+ 63. Ke1 b5 64. Re8+ Kf4 65. Rf8+ Ke3 66. Rh8 Ra3 67. Rh3+ Nf3+ 68. Kd1 b4 69. Rh4 b3 70. Kc1 Ra2 71. Kb1 Re2 72. Rh3 Kd2 73. Rh8 e3 74. Kb2 Ke1+ 75. Kxb3 Kf2 76. Re8 Re1 77. Kc3 e2 78. Kd3 Rd1+ 79. Kc2 e1=Q 80. Rxe1 Rxe1 81. Kd3 Re7 82. Kc4 Nh4 83. Kd5 Kf3 84. Kd6 Re2 85. Kd5 Kf4 86. Kd4 Rd2+ 87. Kc3 Rd8 88. Kc4 Ke5 89. Kc5 Rc8+ 90. Kb5 Rc1 91. Kb4 Kd5 92. Kb3 Kd4 93. Kb2 Rc7 94. Kb3 Rc8 95. Kb2 Kd3 96. Ka3 Rb8 97. Ka4 Kc3 98. Ka5 Kc4 99. Ka6 Kc5 100. Ka7 Rb1 101. Ka8 Kc6 102. Ka7 Rb2 0-1


[Site "https://www.chess.com"]

[Event "Titled Tuesday Blitz February 22 Late 2022"]
[White "Steenbekkers, Franck"]
[Black "Martin Barcelo, Carles"]
[WhiteFideId "1004220"]
[BlackFideId "24561444"]
[WhiteElo "2153"]
[BlackElo "1875"]
[Result "1-0"]
[Round "04"]
[TimeControl "180+1"]
[Date "2022.02.23"]
[WhiteClock "0:00:43"]
[BlackClock "0:01:30"]

1. e4 e6 2. d4 d5 3. Nd2 c5 4. Ngf3 cxd4 5. exd5 Qxd5 6. Bc4 Qd7 7. O-O Nc6 8. Nb3 Nf6 9. Nbxd4 Nxd4 10. Nxd4 a6 11. Re1 b5 12. Bb3 Bc5 13. Be3 Bxd4 14. Bxd4 Bb7 15. c3 O-O 16. Bxf6 gxf6 17. Qg4+ Kh8 18. Qh4 Qe7 19. Bc2 f5 20. Qxe7 1-0


[Site "https://www.chess.com"]

[Event "Titled Tuesday Blitz February 22 Late 2022"]
[White "Suder, Jakub"]
[Black "Vifleemskaia, Svetlana"]
[WhiteFideId "1195310"]
[BlackFideId "4129490"]
[WhiteElo "2058"]
[BlackElo "1901"]
[Result "1-0"]
[Round "04"]
[TimeControl "180+1"]
[Date "2022.02.23"]
[WhiteClock "0:00:09"]
[BlackClock "0:00:02"]

1. d4 Nf6 2. c4 e6 3. Nc3 Bb4 4. f3 d5 5. a3 Bxc3+ 6. bxc3 c5 7. cxd5 exd5 8. e3 Qc7 9. Ne2 O-O 10. Ng3 Re8 11. Be2 b6 12. O-O Ba6 13. Bxa6 Nxa6 14. Qd3 Qb7 15. Bb2 Re6 16. Rae1 Rae8 17. Re2 b5 18. Rfe1 b4 19. axb4 cxb4 20. c4 dxc4 21. Qxc4 Nd5 22. e4 Nf4 23. Rc2 b3 24. Rc3 Rb6 25. d5 Nb4 26. Rxb3 Nbd3 27. Rxb6 Qxb6+ 28. Bd4 Qa5 29. Rd1 Ne1 30. Bc3 Qb6+ 31. Bd4 Qa5 32. Nf5 Nfxg2 33. Nxg7 Rb8 34. Nf5 Qd8 35. Nh6+ Kf8 36. Qc5+ Qe7 37. Bg7+ Ke8 38. Qc6+ Qd7 39. Qf6 Qh3 40. Qxf7+ Kd8 41. Bf6+ Kc8 42. Rc1+ 1-0


[Site "https://www.chess.com"]

[Event "Titled Tuesday Blitz February 22 Late 2022"]
[White "Svane, Rasmus"]
[Black "Papp, Levente"]
[WhiteFideId "4657101"]
[BlackFideId "751243"]
[WhiteElo "2645"]
[BlackElo "2308"]
[Result "1/2-1/2"]
[Round "04"]
[TimeControl "180+1"]
[Date "2022.02.22"]
[WhiteClock "0:00:09"]
[BlackClock "0:00:07"]

1. Nf3 d5 2. g3 Nf6 3. Bg2 c6 4. O-O Nbd7 5. d4 e6 6. c4 Be7 7. Qc2 O-O 8. Nbd2 b6 9. e4 dxe4 10. Nxe4 Bb7 11. Rd1 Rc8 12. Bf4 Nxe4 13. Qxe4 Nf6 14. Qc2 b5 15. c5 Nd5 16. Bd2 a5 17. h4 Bf6 18. Re1 h6 19. Rad1 Qc7 20. Qc1 Rcd8 21. Bf1 a4 22. Bd3 Qb8 23. Bxh6 Qa7 24. Bb1 a3 25. Qc2 g6 26. h5 Bg7 27. hxg6 f6 28. Bxg7 Kxg7 29. Rxe6 axb2 30. Nh4 Qa4 31. Nf5+ Kg8 32. g7 Qxc2 33. Nh6+ Kxg7 34. Bxc2 Kxh6 35. Kg2 Rfe8 36. Rh1+ Kg7 37. Rh7+ Kg8 38. Rxe8+ Rxe8 39. Rxb7 Re2 40. Bh7+ Kf8 41. Ra7 Re1 42. Ra6 Ne7 43. d5 cxd5 44. c6 b1=Q 45. Bxb1 Rxb1 46. c7 Rc1 47. Rxf6+ Ke8 48. Rb6 Rc5 49. g4 Kd7 50. f4 d4 51. Kf3 Kxc7 52. Re6 Kd7 53. Rb6 d3 54. Rb7+ Ke6 55. Ke3 Nd5+ 56. Kxd3 Nxf4+ 57. Kd4 Rc4+ 58. Ke3 Nd5+ 59. Kd3 Nb4+ 60. Ke3 Rc5 61. Rb6+ Ke5 62. Kf3 Nxa2 63. g5 Nc3 64. g6 Nd5 65. g7 Rc8 66. Rxb5 Rg8 67. Rb7 Kf6 68. Ke4 Ne7 69. Rb6+ Kf7 70. Ke5 Rxg7 71. Rb7 Rg5+ 72. Ke4 Ke6 73. Rb6+ Kd7 74. Ra6 Nc6 75. Ra1 Re5+ 76. Kf4 Ke6 77. Ra6 Rc5 78. Ra8 Rc4+ 79. Ke3 Kd5 80. Rh8 Rc3+ 81. Kf4 Ke6 82. Rh6+ Kd7 83. Rh7+ Ne7 84. Ke5 Re3+ 85. Kd4 Re6 86. Rh8 Kd6 87. Rd8+ Kc7 88. Rh8 Nc6+ 89. Kd5 Re5+ 90. Kc4 Kb6 91. Rh6 Rc5+ 92. Kd3 Kb5 93. Ke4 Re5+ 94. Kf4 Rd5 95. Rh8 Kc4 96. Rh1 Kc5 97. Rc1+ Kd6 98. Rh1 Nd8 99. Rh6+ Ne6+ 100. Ke4 Rd4+ 101. Ke3 Rg4 102. Rh5 Ng7 103. Ra5 Ke6 104. Ra6+ Kf5 105. Ra5+ Kf6 106. Ra6+ Ne6 107. Ra5 Rc4 108. Kd3 Rc1 109. Ke3 Nc5 110. Ra8 Ke5 111. Re8+ Ne6 112. Ra8 Rc3+ 113. Kd2 Rb3 114. Re8 Kd5 115. Ra8 Nc5 116. Rd8+ Kc4 117. Ke2 Ne4 118. Rc8+ Kd4 119. Rd8+ Kc5 120. Rc8+ Kd5 1/2-1/2


[Site "https://www.chess.com"]

[Event "Titled Tuesday Blitz February 22 Late 2022"]
[White "Tang, Andrew"]
[Black "Jones, Gawain C B"]
[WhiteFideId "2059630"]
[BlackFideId "409561"]
[WhiteElo "2584"]
[BlackElo "2657"]
[Result "0-1"]
[Round "04"]
[TimeControl "180+1"]
[Date "2022.02.22"]
[WhiteClock "0:00:03"]
[BlackClock "0:00:19"]

1. d4 Nf6 2. c4 g6 3. f3 c5 4. d5 Bg7 5. e4 e6 6. Nc3 d6 7. Nge2 exd5 8. cxd5 Nbd7 9. Ng3 h5 10. Be2 Nh7 11. Be3 h4 12. Nf1 a6 13. a4 Qe7 14. Nd2 f5 15. Nc4 O-O 16. exf5 Ne5 17. Nxe5 Qxe5 18. fxg6 Qxe3 19. gxh7+ Kh8 20. Qd2 Qe5 21. O-O Bf5 22. Rae1 Bxh7 23. Bc4 Qf4 24. Qe2 Be5 25. g3 hxg3 26. Kh1 Rg8 27. Rg1 g2+ 28. Rxg2 Rxg2 29. Qxg2 Qxc4 30. Ne4 Rg8 31. Qh3 Qxd5 32. Qh5 Qd3 33. Ng5 Rxg5 34. Qxg5 Qxf3+ 35. Qg2 Qxg2+ 36. Kxg2 Bxb2 37. Re8+ Kg7 38. Re7+ Kg8 39. Kf1 b5 40. a5 Bc3 41. Ra7 b4 42. Ke2 b3 43. Rxa6 b2 44. Rb6 b1=Q 45. Rxb1 Bxb1 46. a6 Be4 0-1


[Site "https://www.chess.com"]

[Event "Titled Tuesday Blitz February 22 Late 2022"]
[White "Terry, Renato"]
[Black "Carbone, Diego"]
[WhiteFideId "3803457"]
[BlackFideId "3002179"]
[WhiteElo "2577"]
[BlackElo "2199"]
[Result "1-0"]
[Round "04"]
[TimeControl "180+1"]
[Date "2022.02.22"]
[WhiteClock "0:00:54"]
[BlackClock "0:00:01"]

1. d4 Nf6 2. Nf3 d5 3. c4 e6 4. e3 a6 5. b3 Nbd7 6. Nbd2 c5 7. Bb2 cxd4 8. Nxd4 Be7 9. Be2 O-O 10. O-O Bd6 11. Rc1 Qe7 12. cxd5 Nxd5 13. Nc4 Bb8 14. Ba3 Qh4 15. g3 Qd8 16. Bxf8 Qxf8 17. e4 N5f6 18. Bf3 g6 19. Qe2 e5 20. Nc2 b5 21. Na5 Nc5 22. Rfd1 Ne6 23. Nc6 Bc7 24. Ne3 Bb6 25. Nd5 Nxd5 26. exd5 Nd4 27. Nxd4 Bxd4 28. Rc7 Bf5 29. Be4 Qd6 30. Rc6 Qd7 31. Bxf5 Qxf5 32. Kg2 h5 33. Qf3 Qd7 34. Qe4 Rd8 35. f4 Qg4 36. Qf3 Rxd5 37. Qxg4 hxg4 38. fxe5 Rc5 39. Rxc5 Bxc5 40. Rd8+ Kg7 41. Ra8 Bd4 42. Rxa6 b4 43. e6 f5 44. e7 Kf7 45. Re6 Ke8 46. h3 gxh3+ 47. Kxh3 1-0


[Site "https://www.chess.com"]

[Event "Titled Tuesday Blitz February 22 Late 2022"]
[White "Thomas, Anysia"]
[Black "Wan, Joseph"]
[WhiteFideId "670472"]
[BlackFideId "2069890"]
[WhiteElo "2002"]
[BlackElo "2149"]
[Result "0-1"]
[Round "04"]
[TimeControl "180+1"]
[Date "2022.02.23"]
[WhiteClock "0:00:01"]
[BlackClock "0:01:39"]

1. d4 e6 2. c4 b6 3. e4 Bb7 4. Bd3 Bb4+ 5. Bd2 Bxd2+ 6. Qxd2 Nh6 7. Nc3 O-O 8. Nf3 f5 9. O-O fxe4 10. Bxe4 Bxe4 11. Nxe4 Nc6 12. d5 exd5 13. cxd5 Rxf3 14. dxc6 Rf7 15. Ng5 Re7 16. Qd3 g6 17. Qd5+ Kh8 18. Rad1 d6 19. Ne6 Qe8 20. Rfe1 Qf7 21. Qd4+ Kg8 22. Ng5 Qg7 23. Qd5+ Kh8 24. Rxe7 Qxe7 25. Qd4+ Kg8 26. Qd5+ Nf7 27. h4 Re8 28. g3 Kg7 29. Qd4+ Qe5 30. Qxe5+ Nxe5 31. Kg2 Re7 32. Rc1 h6 33. Nf3 Nd3 34. Rc2 g5 35. a3 g4 36. Nh2 Ne1+ 37. Kf1 Nxc2 0-1


[Site "https://www.chess.com"]

[Event "Titled Tuesday Blitz February 22 Late 2022"]
[White "Timofeev, Artyom"]
[Black "Dubov, Daniil"]
[WhiteFideId "4140419"]
[BlackFideId "24126055"]
[WhiteElo "2583"]
[BlackElo "2791"]
[Result "0-1"]
[Round "04"]
[TimeControl "180+1"]
[Date "2022.02.22"]
[WhiteClock "0:00:18"]
[BlackClock "0:00:09"]

1. d4 Nf6 2. c4 e6 3. Nc3 d5 4. Bg5 Be7 5. e3 h6 6. Bh4 O-O 7. Rc1 Nbd7 8. Nf3 c6 9. Bd3 dxc4 10. Bxc4 b5 11. Bd3 Bb7 12. O-O Rc8 13. e4 b4 14. Na4 c5 15. dxc5 Nxe4 16. Bxe7 Qxe7 17. Bxe4 Bxe4 18. Qd6 Qxd6 19. cxd6 Rxc1 20. Rxc1 Rd8 21. Rc7 Nb6 22. Nxb6 Rxd6 23. Rd7 Rxb6 24. Rxa7 Rc6 25. Kf1 Rc1+ 26. Ke2 Rc2+ 27. Ke3 Bxf3 28. Kxf3 Rxb2 29. h4 g6 30. g3 Kg7 31. Ra5 f5 32. Ke3 Kf6 33. f4 g5 34. hxg5+ hxg5 35. fxg5+ Kxg5 36. Kf3 Rc2 37. Rb5 Rc3+ 38. Kf2 Rc4 39. Kf3 Kf6 40. Ke3 Rc3+ 41. Kf2 Rc4 42. Ke3 e5 43. Kf3 Rc3+ 44. Kf2 Rc4 45. Kf3 Rd4 46. Ke3 Re4+ 47. Kf3 Kg5 48. Rb8 Rc4 49. Rb5 e4+ 50. Kf2 Kg4 51. Rb8 Rc2+ 52. Ke3 Rc3+ 53. Kd4 Rxg3 54. Rxb4 Kf4 55. a4 Rd3+ 56. Kc5 Ra3 57. Kb5 Kf3 58. a5 e3 59. a6 e2 60. Rb1 Kf2 0-1


[Site "https://www.chess.com"]

[Event "Titled Tuesday Blitz February 22 Late 2022"]
[White "Toncheva, Nadya"]
[Black "Velikanov, Alexander"]
[WhiteFideId "2924056"]
[BlackFideId "2039290"]
[WhiteElo "1920"]
[BlackElo "2259"]
[Result "0-1"]
[Round "04"]
[TimeControl "180+1"]
[Date "2022.02.23"]
[WhiteClock "0:00:14"]
[BlackClock "0:00:12"]

1. e4 c5 2. Nf3 Nc6 3. d4 cxd4 4. Nxd4 Nf6 5. f3 e5 6. Nb3 d5 7. Bg5 d4 8. c3 h6 9. Bxf6 Qxf6 10. Bb5 Qh4+ 11. g3 Qh3 12. Kf2 Bd7 13. Bxc6 Bxc6 14. cxd4 exd4 15. Qxd4 h5 16. Nc3 Rh6 17. Qe5+ Re6 18. Qf5 Qxf5 19. exf5 Rf6 20. Rhe1+ Kd8 21. Rad1+ Kc7 22. Kg2 Rxf5 23. Nd4 Rf6 24. Nxc6 bxc6 25. Ne4 Rg6 26. Rd4 Rb8 27. b3 Rb4 28. Red1 Rxd4 29. Rxd4 a5 30. f4 Be7 31. f5 Rh6 32. Kf3 Rh8 33. Nd2 Rb8 34. Nc4 a4 35. bxa4 Rb4 36. Re4 Bf6 37. a5 Ra4 38. h3 Rxa2 39. g4 h4 40. Kf4 Rf2+ 41. Ke3 Rh2 42. Rf4 Bg5 43. Ke4 Bxf4 44. Kxf4 Rxh3 45. g5 Rh2 46. Ne3 Ra2 47. Kg4 Ra4+ 48. Kh3 Ra3 49. Kxh4 Rxe3 50. Kh5 Ra3 51. f6 gxf6 52. gxf6 Rxa5+ 53. Kh6 Rf5 54. Kg7 c5 55. Kxf7 c4 56. Ke6 Rxf6+ 57. Kxf6 c3 58. Ke5 c2 59. Kd4 c1=Q 60. Kd3 Qc5 61. Ke4 Qd6 62. Kf5 Qe7 63. Kg6 Qe5 64. Kf7 Qd6 65. Kg7 Qe6 66. Kh7 Qg4 67. Kh6 Kd7 68. Kh7 Ke7 69. Kh6 Kf7 70. Kh7 Qh4# 0-1


[Site "https://www.chess.com"]